 Dungeon Crawl Stone Soup version 0.14-a0-50-gc6ee670 (webtiles) character file.

148 4tharraofdagon the Chopper (level 4, -6/51 HPs)
             Began as a Djinni Berserker on Sept 29, 2013.
             Was a Believer of Trog.
             Mangled by Sigmund
             ... wielding a +0,+0 scythe
              (9 damage)
             ... on Level 4 of the Dungeon.
             The game lasted 00:02:50 (666 turns).

4tharraofdagon the Chopper (Djinni Berserker)        Turns: 666, Time: 00:02:51

HP  -6/51        AC  3     Str 23      XL: 4   Next:  4%
MP   0/0         EV 12     Int  7      God: Trog [**....]
Gold 78          SH  0     Dex 13      Spells:  0 memorised,  3 levels left

Res.Fire  : + + +   See Invis. : .   a - +0 hand axe
Res.Cold  : x . .   Warding    : .   b - +0 animal skin
Life Prot.: + + +   Conserve   : .   (no shield)
Res.Poison: .       Res.Corr.  : .   h - +0 helmet
Res.Elec. : .       Clarity    : .   (no cloak)
Sust.Abil.: . .     Spirit.Shd : .   (no gloves)
Res.Mut.  : .       Rnd.Telep. : +   (boots unavailable)
Res.Rott. : .       Flight     : .   (no amulet)
Saprovore : . . .                    (no ring)
                                     p - cursed ring of teleportation

@: berserking (expiring), very slightly contaminated, very quick, slightly
resistant to hostile enchantments, extremely unstealthy
A: fire immunity, cold vulnerability, life protection 3
a: Burn Spellbooks, Berserk, Trog's Hand, Renounce Religion, Evoke Teleportation


You were on level 4 of the Dungeon.
You worshipped Trog.
Trog was pleased with you.
You were not hungry.

You visited 1 branch of the dungeon, and saw 4 of its levels.

You collected 58 gold pieces.

Inventory:

Hand weapons
 a - a +0,+0 hand axe (weapon)
Missiles
 g - 6 silver tomahawks (quivered)
 i - a throwing net
Armour
 b - a +0 animal skin (worn)
 h - a +0 helmet (worn)
Scrolls
 f - a scroll of curse weapon {unknown}
 j - a scroll of remove curse {unknown}
 k - 2 scrolls of identify {unknown}
 l - a scroll of fog {unknown}
 n - a scroll of random uselessness {unknown}
 o - a scroll of recharging {unknown}
Jewellery
 p - a cursed ring of teleportation (left hand)
Potions
 c - a potion of agility {unknown}
 d - 2 potions of mutation {unknown}
 e - a potion of speed {unknown}
 m - a potion of restore abilities {unknown}


   Skills:
 + Level 3.2 Fighting
 * Level 3.8 Axes
 + Level 2.7 Armour
 - Level 1.7 Dodging


You had 3 spell levels left.
You didn't know any spells.

Dungeon Overview and Level Annotations

Branches:
Dungeon (4/27)
 Temple: D:4-7

Altars:
Trog

Annotations:
D:4 Sigmund


Innate Abilities, Weirdness & Mutations

You are immune to all types of fire, even holy and hellish.
You are vulnerable to cold.
You need no food.
You have no legs.
You are immune to negative energy.


Message History

Sigmund is heavily wounded.
You slash the jackal!
You kill the jackal!
Trog accepts your kill.
Unknown command.
You barely miss Sigmund.
Sigmund is heavily wounded.
Sigmund barely misses you.
Unknown command.
You hit Sigmund.
Sigmund is severely wounded.
You closely miss Sigmund.
Sigmund is severely wounded.
Sigmund gestures at you while chanting. The magic dart hits you!
* * * LOW HITPOINT WARNING * * *
You hit Sigmund.
Sigmund is almost dead.
Sigmund hits you with a scythe!
You die...

..################.###.h..
...................h..h..#
..################.#####.#
......######## #.#
......#......# #.#
......#......#####.#####
......#......#..........
.)...<#..(...#..%%.......
................@@......$
(####.#......#...........
.# #.#?.....#.......... .#
#......#.......... .#
#......########### .#
......# .# ###### .# ..


You could see Sigmund.

Vanquished Creatures
  2 adders (D:3)
  An inept item mimic (D:4)
  A worm (D:3)
  An ooze (D:1)
  3 orcs (D:3)
  5 goblins
  2 hobgoblins (D:1)
  6 jackals
  A quokka (D:4)
  A giant gecko (D:1)
  7 kobolds
  3 rats
33 creatures vanquished.

Notes
Turn   | Place    | Note
--------------------------------------------------------------
     0 | D:1      | 4tharraofdagon, the Djinni Berserker, began the quest for the Orb.
     0 | D:1      | Reached XP level 1. HP: 16/16 MP: 0/0
   167 | D:1      | Reached skill level 3 in Axes
   194 | D:1      | Reached XP level 2. EP: 2/22
   415 | D:3      | Found a bloodstained altar of Trog.
   454 | D:3      | Reached XP level 3. EP: 29/29
   492 | D:3      | Acquired Trog's second power
   646 | D:4      | Noticed Sigmund
   659 | D:4      | Reached XP level 4. EP: 30/35
   665 | D:4      | HP: 2/51 [Sigmund/magic dart (5)]
   666 | D:4      | Mangled by Sigmund

Action                   |  1- 3 |  4- 6 || total
-------------------------+-------+-------++-------
Melee: Hand axe          |    96 |     7 ||   103
Invok: Berserk           |     6 |       ||     6
